 Dungeon Crawl Stone Soup version 0.31-a0-435-g2c6fae2916 (webtiles) character file.

Game seed: 678807339041991350

3864 garrulousMonolith the Geomancer (level 10, 0/60 HPs)
             Began as a Gargoyle Earth Elementalist on Aug 1, 2023.
             Was an Initiate of Gozag.
             Slain by a wight
             ... wielding a +3 mace of freezing
              (3 damage)
             ... on level 8 of the Dungeon.
             The game lasted 00:12:06 (10614 turns).

garrulousMonolith the Geomancer (GrEE)             Turns: 10614, Time: 00:12:07

Health: 0/60       AC: 15    Str: 19    XL:     10   Next: 19%
Magic:  13/17      EV: 12    Int: 19    God:    Gozag
Gold:   640        SH:  4    Dex: 13    Spells: 9/19 levels left

rFire   . . .        F - +1 dagger (venom)
rCold   . . .        P - +0 buckler
rNeg    + . .        K - +1 leather armour of Tuowoeg {Dex+3}
rPois   ∞            H - +2 hat
rElec   +            v - scarf {+Inv}
rCorr   .            l - +0 pair of gloves
SInv    .            (no boots)
Will    .....        (no amulet)
Stlth   ++           G - ring of wizardry
HPRegen 0.30/turn    w - +6 ring of strength
MPRegen 0.15/turn

%: wizardry (x1)
@: mighty, gold aura
A: sickness immunity, AC +7, negative energy resistance 1, electricity
resistance, torment resistance 1, petrification resistance
a: Renounce Religion, Evoke Invisibility, Potion Petition, Call Merchant, Bribe
Branch


You were on level 8 of the Dungeon.
You worshipped Gozag.
Gozag was pleased with you.
You visited 1 branch of the dungeon, and saw 9 of its levels.
You also visited: Ossuary.

You collected 705 gold pieces.
You paid 65 gold pieces to Gozag.

Inventory:

Hand Weapons
 d - a +0 whip of electrocution
 F - a +1 dagger of venom (weapon)
Missiles
 O - 5 poisoned darts
Armour
 i - a +0 helmet
 l - a +0 pair of gloves (worn)
 o - +0 storm dragon scales
 v - a scarf of invisibility (worn)
 H - a +2 hat (worn)
 K - the +1 leather armour of Tuowoeg (worn) {Dex+3}
   (You found it on level 6 of the Dungeon)

   Dex:       It affects your dexterity (+3).
 L - a +0 kite shield
 P - a +0 buckler (worn)
Magical Staves
 M - a staff of conjuration
Jewellery
 a - a +6 ring of strength
 u - a +6 ring of dexterity
 w - a +6 ring of strength (right hand)
 G - a ring of wizardry (left hand)
Talismans
 J - a maw talisman
Wands
 c - a wand of mindburst (19)
 t - a wand of light (13)
 D - a wand of flame (55)
Scrolls
 f - a scroll of summoning {unknown}
 n - a scroll of poison {unknown}
 q - 4 scrolls of vulnerability {unknown}
 r - 2 scrolls of enchant weapon {unknown}
 y - a scroll of fear
 z - a scroll of acquirement {unknown}
 A - a scroll of enchant armour {unknown}
 B - 5 scrolls of fog {unknown}
 E - 2 scrolls of revelation {unknown}
 Q - a scroll of identify
Potions
 b - a potion of magic
 e - 3 potions of haste
 h - 2 potions of lignification
 j - 2 potions of resistance {unknown}
 k - a potion of brilliance {unknown}
 m - 4 potions of cancellation
 p - 5 potions of attraction {unknown}
 s - 5 potions of might
 x - 5 potions of heal wounds {unknown}
 C - a potion of experience {unknown}
 I - 2 potions of ambrosia {unknown}
 N - 3 potions of mutation {unknown}


   Skills:
 + Level 5.8 Fighting
 + Level 6.0 Armour
 - Level 3.0 Dodging
 - Level 2.1 Stealth
 + Level 3.1 Shields
 + Level 5.2 Spellcasting
 + Level 5.4 Conjurations
 - Level 3.0 Transmutations
 * Level 9.8 Earth Magic


You had 9 spell levels left.
You knew the following spells:

 Your Spells              Type           Power      Damage    Failure   Level
a - Sandblast             Erth           84%        2d18      1%          1
b - Stone Arrow           Conj/Erth      66%        3d11      1%          3
c - Passwall              Tmut/Erth      24%        N/A       1%          2
d - Petrify               Tmut/Erth      29%        N/A       5%          4

Your spell library contained the following spells:

 Spells                   Type           Power      Damage    Failure   Level
 Magic Dart               Conj           100%       1d8       1%          1
 Dazzling Flash           Conj/Hex       30%        N/A       7%          3
 Summon Small Mammal      Summ           16%        N/A       8%          1
 Call Imp                 Summ           8%         N/A       11%         2
 Ensorcelled Hibernation  Hex/Ice        8%         N/A       11%         2
 Mephitic Cloud           Conj/Pois/Air  11%        N/A       11%         3
 Call Canine Familiar     Summ           4%         N/A       21%         3
 Gell's Gravitas          Tloc           4%         N/A       21%         3
 Summon Guardian Golem    Hex/Summ       4%         N/A       21%         3
 Swiftness                Air            4%         N/A       21%         3
 Teleport Other           Tloc           4%         N/A       21%         3
 Anguish                  Hex/Necr       2%         N/A       54%         4
 Cause Fear               Hex            2%         N/A       54%         4
 Agony                    Necr           4%         N/A       86%         5
 Silence                  Hex/Air        2%         N/A       86%         5
 Dispersal                Tloc           2%         N/A       100%        6
 Enfeeble                 Hex            2%         N/A       100%        7


Dungeon Overview and Level Annotations

Branches:
Dungeon (9/15)             Temple (0/1) D:7         Ossuary (visited)
   Lair: D:8-11         Orc: D:9-12

Altars:
Ashenzari
Cheibriados
Dithmenos
Gozag
Kikubaaqudgha
Makhleb
Vehumet

Annotations:
D:4 1 runed translucent door, Triskal's ghost, novice NaWr


Innate Abilities, Weirdness & Mutations

You are immune to sickness and miasma.
Your stone body is resilient. (AC +7)
You are immune to poison.
You resist negative energy. (rN+)
You are resistant to electric shocks. (rElec)
You are resistant to unholy torment.
You are immune to petrification.


Message History

The wight barely misses you. The wight closely misses you.
The wight hits you but does no damage.
The wight hits you with a +3 mace of freezing.
* * * LOW HITPOINT WARNING * * *
The wight freezes you.
* * * LOW HITPOINT WARNING * * *
Casting: Sandblast (safe; 1% risk of failure)
Confirm with . or Enter, or press ? or * to list all spells.
Aiming: Sandblast (safe; 1% risk of failure)
Press: ? - help, Shift-Dir - straight line, f/p - hornet
Aim: a hornet (moderately wounded, 77% to hit)
The blast of sand hits the hornet!
The hornet is almost dead.
The hornet misses you.
The hornet stings you but does no damage.
The wight closely misses you. You block the wight's attack.
The wight closely misses you. The wight barely misses you.
The hornet barely misses you. The wight hits you but does no damage.
The wight hits you with a +3 mace of freezing.
* * * LOW HITPOINT WARNING * * *
The wight freezes you.
* * * LOW HITPOINT WARNING * * *
The wight hits you with a +0 war axe.
* * * LOW HITPOINT WARNING * * *
The wight completely misses you. The hornet completely misses you.
You climb upwards.
There is a stone staircase leading down here.
As you read the scroll of fear, it crumbles to dust.
You assume a fearsome visage.
The wight is unaffected.
The hornet looks frightened!
The wight is unaffected. x2
The wight barely misses you. You block the wight's attack.
The wight hits you but does no damage.
It was a potion of might.
You feel very mighty all of a sudden.
The wight hits you with a +3 mace of freezing.
* * * LOW HITPOINT WARNING * * *
The wight freezes you.
You die...
Your body crumbles into a pile of gold.

############ ##..........######
#...#######.##.... ###...###
#.##.###
############.......#####.##.###
#................y...##)......#
#.##########.......#.##...>.#.#
#.# ###z..##.........#.. ###.##
#@z.##..##.....#.. .....#
########z###.<##........ ###..#
#....................... #..#
#.######.########....... #..#
#.# #................
#..#####(# ###########......
#..))....# #.#.##. ###.########
#)####. #.....# #.# #.


You could see a hornet (fleeing) and 3 wights.

Vanquished Creatures
  An ugly thing (D:9)
  A blink frog (shapeshifter) (D:9)
  A vampire (D:8)
  Eustachio (D:5)
  3 black bears
  An ice beast (D:6)
  3 orc warriors
  2 sky beasts
  An ogre (D:6)
  A centaur (D:6)
  A kobold brigand (D:8)
  3 phantoms
  3 bullfrogs
  A gnoll sergeant (D:7)
  A water moccasin zombie (D:4)
  A scorpion (D:5)
  A wight (D:9)
  5 killer bees (D:8)
  3 howler monkeys (D:8)
  5 hounds
  A human zombie (Ossuary)
  4 orc priests
  3 iguanas
  An iron imp (D:8)
  Jessica (D:2)
  A sleepcap (D:7)
  6 orc wizards
  2 hound zombies (D:4)
  A hound skeleton (D:4)
  6 mummies (Ossuary)
  Robin (D:1)
  8 gnolls
  3 adders
  2 shadow imps (D:7)
  An ufetubus (D:5)
  A worm zombie (D:5)
  3 adder zombies (D:4)
  An adder skeleton (D:4)
  3 worms
  2 dart slugs
  20 orcs
  9 bats
  4 endoplasms
  2 giant cockroaches (D:4)
  14 goblins
  11 hobgoblins
  7 jackals
  7 quokkas
  4 ball pythons
  5 frilled lizards
  A gnoll zombie (Ossuary)
  A goblin zombie (Ossuary)
  3 hobgoblin zombies (Ossuary)
  14 kobolds
  3 orc zombies
  4 rats
199 creatures vanquished.

Notes
Turn   | Place    | Note
-------+----------+-------------------------------------------
     0 | D:1      | garrulousMonolith the Gargoyle Earth Elementalist began the
                  | quest for the Orb.
     0 | D:1      | Reached XP level 1. HP: 10/10 MP: 3/3
   174 | D:1      | Reached XP level 2. HP: 16/16 MP: 3/5
   176 | D:1      | Reached skill level 1 in Transmutations
   531 | D:1      | Reached skill level 4 in Earth Magic
   703 | D:1      | Reached skill level 1 in Armour
   703 | D:1      | Reached XP level 3. HP: 20/20 MP: 4/6
   780 | D:2      | Noticed Robin
   952 | D:1      | Reached skill level 1 in Fighting
   969 | D:1      | Killed Robin
  1031 | D:1      | Learned a level 3 spell: Stone Arrow
  1034 | D:1      | Learned a level 2 spell: Passwall
  1092 | D:2      | Identified the +10 plate armour "Etusizie" {-Cast Will+
                  | Str+4}
  1157 | D:2      | Reached XP level 4. HP: 25/25 MP: 4/7
  1359 | D:2      | Noticed Jessica
  1362 | D:2      | Killed Jessica
  1571 | D:2      | Identified the +3 ring mail of the Blind Marksman {Harm
                  | Regen+ MP-9 Int-4}
  2474 | D:3      | Found a faded altar of an unknown god.
  2487 | D:3      | Reached XP level 5. HP: 29/29 MP: 4/8
  3254 | D:4      | Noticed a phantom
  3265 | D:3      | Killed a phantom
  3266 | D:3      | Reached skill level 1 in Conjurations
  3320 | D:4      | Reached skill level 5 in Earth Magic
  3320 | D:4      | Reached XP level 6. HP: 35/35 MP: 7/10
  3431 | D:4      | Found a broken altar of Ashenzari.
  3530 | D:4      | Found a runed translucent door.
  3583 | D:4      | Found a burning altar of Makhleb.
  3613 | D:4      | Noticed a black bear
  3620 | D:4      | Killed a black bear
  3626 | D:4      | Reached XP level 7. HP: 40/40 MP: 2/11
  3923 | D:4      | Noticed Triskal's ghost (novice NaWr)
  4302 | D:5      | Entered Level 5 of the Dungeon
  4302 | D:5      | Noticed Eustachio
  4305 | D:5      | Reached skill level 6 in Earth Magic
  4461 | D:5      | Found a sand-covered staircase.
  4471 | Ossuary  | Entered an ossuary
  4694 | Ossuary  | Reached XP level 8. HP: 42/46 MP: 6/13
  4968 | D:5      | Killed Eustachio
  5591 | D:5      | Reached skill level 7 in Earth Magic
  6347 | D:6      | Found an opulent altar of Gozag.
  6362 | D:6      | Became a worshipper of Gozag Ym Sagoz the Greedy
  6774 | D:6      | Reached XP level 9. HP: 52/52 MP: 8/15
  6861 | D:6      | Reached skill level 8 in Earth Magic
  6916 | D:6      | Found a shadowy altar of Dithmenos.
  6954 | D:6      | Identified the +1 leather armour of Tuowoeg {Dex+3}
  7043 | D:6      | Learned a level 4 spell: Petrify
  7189 | D:6      | Found a radiant altar of Vehumet.
  7443 | D:7      | Found a staircase to the Ecumenical Temple.
  8043 | D:7      | Found an ancient bone altar of Kikubaaqudgha.
  8158 | D:7      | Reached skill level 5 in Armour
  8617 | D:7      | Reached skill level 1 in Shields
  8981 | D:8      | Found a snail-covered altar of Cheibriados.
  9070 | D:8      | Reached skill level 5 in Fighting
  9328 | D:8      | Reached skill level 9 in Earth Magic
  9808 | D:8      | Reached skill level 5 in Spellcasting
  9808 | D:8      | Reached skill level 5 in Conjurations
 10040 | D:8      | Reached XP level 10. HP: 59/59 MP: 7/17
 10311 | D:9      | Noticed a brown ugly thing
 10316 | D:9      | Killed a red ugly thing
 10614 | D:8      | HP: 3/60 [wight/+3 mace of freezing (6)]
 10614 | D:8      | Slain by a wight

Illustrated notes

Levels and vault maps discovered:
D:1:      matt_arrival_los_fun, layout_basic
D:2:      layout_loops_corners, nrook_uturn, nrook_mini_backslash,
          guppyfry_early_lair_pool, uniq_robin, uniq_jessica
D:3:      layout_basic, dreamdust_ecumenical_altar_statues
D:4:      layout_cave_pools, nicolae_ashenzari_skybound,
          mainiacjoe_overflow_24_doors, serial_undead, serial_undead_d,
          serial_undead_f, serial_undead_b, serial_undead_a, serial_undead_e,
          serial_undead_c, ebering_ghost_sewer_d
D:5:      layout_gridville, enter_ossuary_3, uniq_eustachio
D:6:      layout_basic, mainiacjoe_overflow_six_doors_small,
          grunt_gozag_breadcrumbs, fiery_altar_vehumet, corner_web_ring,
          hangedman_decor_opposing
D:7:      layout_layer_cave, overflow_temple_1_default,
          minmay_temple_entry_statues_fountains, corexii_item_surrounded_by_moat
D:8:      layout_loops_ring, slow_altar_1, minmay_misc_feat_ornament,
          hangedman_abyss_or_decor_lesser_grid
D:9:      minmay_diamond_stairs, layout_cave_pools, orc_0_dummy,
          grunt_ministairs_8, uniq_grum, uniq_maggie

Skill      XL: |  1  2  3  4  5  6  7  8  9 10 |
---------------+-------------------------------+-----
Transmutations | 1 2 3 |  3.0
Earth Magic    | 4 5 6 7 9 |  9.8
Armour         | 1 2 3 4 5 6 |  6.0
Fighting       | 1 2 3 4 5 |  5.8
Dodging        | 2 3 |  3.0
Conjurations   | 1 2 3 5 |  5.4
Spellcasting   | 3 4 5 |  5.2
Shields        | 2 3 |  3.1
Stealth        | |  2.1

Action                     |  1- 3 |  4- 6 |  7- 9 | 10-12 || total
---------------------------+-------+-------+-------+-------++-------
  Melee: Dagger            |     1 |     3 |    54 |     1 ||    59
   Cast: Sandblast         |    48 |    97 |   162 |     8 ||   315
         Stone Arrow       |       |       |    71 |     5 ||    76
    Use: Potion            |       |       |     5 |     1 ||     6
         Scroll            |       |       |     4 |     1 ||     5
 Armour: Robe              |    17 |    22 |    51 |       ||    90
         Leather armour    |       |       |    50 |    19 ||    69
  Dodge: Dodged            |    40 |    43 |   136 |    23 ||   242
  Block: Buckler           |       |       |     9 |     8 ||    17
         Kite shield       |       |       |     5 |       ||     5

Table legend: (Time is in decaauts)
 A = Elapsed time spent in this place.
 B = Non-inter-level travel time spent in this place.
 C = Inter-level travel time spent in this place.
 D = Time resting spent in this place.
 E = Time spent auto-exploring this place.
 F = Levels seen in this place.
 G = Mean time per level.
                   A        B        C        D        E       F      G
               +--------+--------+--------+--------+--------+-----+--------+
         Total |  10783 |  10459 |    324 |   1699 |   7088 |  10 | 1078.3 |
       Dungeon |  10314 |   9990 |    324 |   1574 |   6848 |   9 | 1146.0 |
       Ossuary |    468 |    468 |      0 |    124 |    240 |   1 |  468.0 |
               +--------+--------+--------+--------+--------+-----+--------+

Top non-repeatable levels by time:
     D:7: 1537 daAuts
     D:8: 1438 daAuts
     D:2: 1381 daAuts
     D:5: 1357 daAuts
     D:6: 1234 daAuts
     D:4: 1110 daAuts
     D:1: 1064 daAuts
     D:3: 903 daAuts
 Ossuary: 468 daAuts
     D:9: 286 daAuts
